 Dungeon Crawl Stone Soup version 0.21-a0-352-g5b8f553 (console) character file.

17 removed the Gusty (level 2, 20/20 HPs)
             Began as a Demigod Air Elementalist on Oct 10, 2017.
             Quit the game on level 1 of the Dungeon.
             The game lasted 00:02:25 (790 turns).

removed the Gusty (Demigod Air Elementalist)         Turns: 790, Time: 00:02:26

Health: 20/20      AC:  2    Str: 11    XL:     2   Next: 30%
Magic:  6/7        EV: 12    Int: 19    God:
Gold:   14         SH:  0    Dex: 16    Spells: 3/4 levels left

rFire    . . .     SeeInvis .   h - +1 dagger
rCold    . . .     Gourm    .   (no shield)
rNeg     . . .     Faith    .   a - +0 robe
rPois    .         Spirit   .   (no helmet)
rElec    .         Reflect  .   (no cloak)
rCorr    .         Harm     .   (no gloves)
MR       .....                  (no boots)
Stlth    ++........             n - amulet of inaccuracy (curse)
HPRegen  0.06/turn              (no ring)
MPRegen  0.10/turn              (no ring)

@: no status effects
A: high mp 1
a: no special abilities


You were on level 1 of the Dungeon.
You were not hungry.

You visited 1 branch of the dungeon, and saw 1 of its levels.

You collected 14 gold pieces.

Inventory:

Hand Weapons
 h - a +1 dagger (weapon)
Armour
 a - a +0 robe (worn)
Jewellery
 n - a cursed amulet of inaccuracy (around neck)
Scrolls
 d - a scroll of identify
Potions
 l - a potion of brilliance
Books
 b - a book of Air

   Spells                             Type                      Level
   a - Shock                          Conjuration/Air              1
   b - Swiftness                      Charms/Air                   2
   c - Static Discharge               Conjuration/Air              3
   d - Airstrike                      Air                          4
   e - Lightning Bolt                 Conjuration/Air              5
Comestibles
 c - a bread ration
 i - 2 meat rations
 m - 3 chunks of flesh


   Skills:
 - Level 1.7 Dodging
 - Level 1.7 Stealth
 - Level 1.7 Spellcasting
 + Level 2.3 Conjurations
 - Level 2.6 Air Magic


You had 3 spell levels left.
You knew the following spells:

 Your Spells              Type           Power        Failure   Level  Hunger
a - Shock                 Conj/Air       ##..         6%          1    #......


Dungeon Overview and Level Annotations

Branches:
Dungeon (1/15)


Innate Abilities, Weirdness & Mutations

You have an increased reservoir of magic. (+10% MP)


Message History

m - 3 chunks of flesh (gained 1)
You see here a stone.
o - a scroll labeled VOXTIV BENI
Things that are here:
3 stones; a kobold corpse
d - 2 scrolls labeled KOUPYM NEFUF (gained 1)
As you read the scroll labeled KOUPYM NEFUF, it crumbles to dust.
It is a scroll of identify.
l - a potion of brilliance
As you read the scroll labeled EBET PAPLYCHET, it crumbles to dust.
It is a scroll of enchant weapon.
Your dagger glows red for a moment.
As you read the scroll labeled HOAVAR SEEROA, it crumbles to dust.
You assume a fearsome visage.
Nothing appears to happen.
It was a scroll of fear.
As you read the scroll labeled VOXTIV BENI, it crumbles to dust.
The scroll dissolves into smoke.
It was a scroll of fog.
Wield which item (- for none, * to show all)? (? for menu, Esc to quit)
h - a +1 dagger (weapon)
Are you sure you want to abandon this character and quit the game? (Confirm with "yes".)

#######################
#......(#..............
#........(#.....#######
#.........#............
#...............#######
#...§§§................
#...§§§§...............
#...§§@§.....###......#
#####§§§#.#............
#§§§#.#############
#...#.#............
#...# #............
#...# #............
##### #..#####.<.##
#..# #...## #..# #.....


There were no monsters in sight!

Vanquished Creatures
  A leopard gecko (D:1)
  A bat (D:1)
  A giant cockroach (D:1)
  A goblin (D:1)
  3 hobgoblins (D:1)
  4 kobolds (D:1)
  A frilled lizard (D:1)
  A rat (D:1)
13 creatures vanquished.

Notes
Turn   | Place    | Note
-------+----------+-------------------------------------------
     0 | D:1      | removed the Demigod Air Elementalist began the quest for the Orb.
     0 | D:1      | Reached XP level 1. HP: 14/14 MP: 5/5
    29 | D:1      | Reached skill level 1 in Conjurations
   319 | D:1      | Reached XP level 2. HP: 20/20 MP: 2/7
   790 | D:1      | Quit the game

Vault maps used:
D:1:      dpeg_arrival_boxorama, hex_medium, minmay_misc_feat_roman

Skill      XL: |  1 |
---------------+----+-----
Conjurations   | 2 |  2.3
Dodging        | |  1.7
Stealth        | |  1.7
Spellcasting   | |  1.7
Air Magic      | |  2.6

Action                   || total
-------------------------++-------
 Cast: Shock             ||    26
  Use: Scroll            ||     4
Armor: Robe              ||     1
Dodge: Dodged            ||    10

Table legend:
 A = Spawn XP
 B = Non-spawn XP
 C = Spawn XP percentage of total XP
 D = Spawn monster count
 E = Non-spawn monster count
 F = Spawn count percentage of total count
 G = Total turns spent on level
                    A         B        C        D         E        F      G
               +---------+---------+-------+---------+---------+-------+---------
         Total |       0 |      25 |   0.0 |       0 |      13 |   0.0 |   790
               +---------+---------+-------+---------+---------+-------+---------
           D:1 |       0 |      25 |   0.0 |       0 |      13 |   0.0 |   790
               +---------+---------+-------+---------+---------+-------+---------
